 Dungeon Crawl Stone Soup version 0.28.0-53-g5a82cb258f (webtiles) character file.

Game seed: 2297423076760145566

617028 buhh the Sensei (level 27, -11/291 (301) HPs)
             Began as an Octopode Transmuter on June 18, 2022.
             Was the Champion of Cheibriados.
             Mangled by Jozon the pandemonium lord (17 damage)
             ... while petrified by you
             ... on level 4 of the Depths on June 19, 2022.
             The game lasted 04:55:51 (97261 turns).

buhh the Sensei (Octopode Transmuter)              Turns: 97261, Time: 04:55:51

HP:   -11/291 (301) AC: 11    Str: 30    XL:     27
MP:   33/33         EV: -1    Int: 40    God:    Cheibriados [******]
Gold: 7852          SH:  0    Dex: 39    Spells: 1/40 levels left

rFire   + . .      SeeInvis +     - Unarmed
rCold   . . .      Faith    .   (shield currently unavailable)
rNeg    + + +      Spirit   .   o - +2 hat {Will+}
rPois   ∞          Reflect  .   J - amulet of magic regeneration
rElec   +          Harm     .   b - +4 ring of protection
rCorr   .          Rampage  .   y - +4 ring of protection
Will    ++++.                   C - ring "Rigas" {rElec Str-2 Int-2 Dex+6 Slay+4}
Stlth   ..........              g - ring "Arieno" {rF+ Dex+3}
HPRegen 0.58/turn               u - ring of wizardry
MPRegen 0.63/turn               j - ring of the Sky {Dex+2 Slay+4 SInv}
                                c - ring of positive energy
                                I - +6 ring of strength

@: mighty, agile, berserking (expiring), blade tentacles, petrified,
constricted, studying Staves, lightly drained, invisible, very slow
A: almost no armour, amphibious, 8 rings, camouflage 1, gelatinous body 1,
(nimble swimmer 1), tentacles, strong-willed 1, MP-powered wands
0: Orb of Zot
}: 3/15 runes: barnacled, silver, gossamer
a: End Transformation, Renounce Religion, Bend Time, Temporal Distortion,
Slouch, Step From Time


You were on level 4 of the Depths.
You worshipped Cheibriados.
Cheibriados was exalted by your worship.
You had blades for main tentacles.
You visited 11 branches of the dungeon, and saw 52 of its levels.
You also visited: Ossuary, Bailey and Ice Cave.

You collected 10624 gold pieces.
You spent 2772 gold pieces at shops.

Inventory:

Hand Weapons
 m - the +2 falchion of Teirar (melded) {vorpal, rElec rC+ Int+6}
   (You found it on level 4 of the Shoals)

   It inflicts extra damage upon your enemies.
   Int:       It affects your intelligence (+6).
   rC:        It protects you from cold.
   rElec:     It insulates you from electricity.
Armour
 o - a +2 hat of willpower (worn)
Jewellery
 b - a +4 ring of protection (left blade tentacle)
 c - a ring of positive energy (on tentacle)
 d - a ring of willpower
 g - the ring "Arieno" (on tentacle) {rF+ Dex+3}
   (You found it on level 4 of the Vaults)

   [ring of protection from fire]

   Dex:       It affects your dexterity (+3).
   rF:        It protects you from fire.
 j - the ring of the Sky (on tentacle) {Dex+2 Slay+4 SInv}
   (You found it on level 5 of the Vaults)

   [ring of slaying]

   Dex:       It affects your dexterity (+2).
   Slay:      It affects your accuracy & damage with ranged weapons and melee
   (+4).
   SInv:      It lets you see invisible.
 p - a ring of protection from fire
 q - an amulet of regeneration
 u - a ring of wizardry (on tentacle)
 y - a +4 ring of protection (right blade tentacle)
 C - the ring "Rigas" (on tentacle) {rElec Str-2 Int-2 Dex+6 Slay+4}
   (You acquired it on level 2 of the Depths)

   [ring of dexterity]

   Str:       It affects your strength (-2).
   Int:       It affects your intelligence (-2).
   Dex:       It affects your dexterity (+6).
   Slay:      It affects your accuracy & damage with ranged weapons and melee
   (+4).
   rElec:     It insulates you from electricity.
 I - a +6 ring of strength (on tentacle)
 J - an amulet of magic regeneration (around mantle)
 O - a ring of willpower
 R - the ring of Hiuj {rPois EV+4}
   (You found it on level 3 of the Elven Halls)

   [ring of evasion]

   EV:        It affects your evasion (+4).
   rPois:     It protects you from poison.
Wands
 a - a wand of iceblast (53)
 s - a wand of polymorph (6)
 v - a wand of digging (24)
 D - a wand of acid (18)
 E - a wand of mindburst (24)
 G - a wand of paralysis (14)
 S - a wand of flame (71)
 W - a wand of charming (15)
Scrolls
 i - 5 scrolls of brand weapon
 n - a scroll of fear {!r}
 t - 13 scrolls of teleportation {!d}
 A - 2 scrolls of silence {!r}
 F - 9 scrolls of enchant weapon
 Q - 7 scrolls of fog
 T - 9 scrolls of immolation {!d}
 X - 8 scrolls of amnesia
 Y - 2 scrolls of holy word {!r!d}
 Z - 2 scrolls of enchant armour
Potions
 f - 5 potions of might
 h - 8 potions of berserk rage {!q}
 k - 13 potions of flight
 l - 6 potions of lignification {!d}
 z - 8 potions of attraction
 B - 4 potions of ambrosia {!q!d}
 H - a potion of invisibility {!q!d}
 K - 9 potions of brilliance {!q!d}
 N - 15 potions of curing {!q!d}
 U - 11 potions of mutation {!d}
Miscellaneous
 e - a phantom mirror
 w - a phial of floods
 x - a box of beasts


   Skills:
 - Level 20.0 Fighting
 - Level 23.3 Dodging
 - Level 12.0 Stealth
 * Level 24.8 Unarmed Combat
 - Level 7.0 Spellcasting
 - Level 9.1 Conjurations
 - Level 19.0 Translocations
 - Level 15.0 Transmutations
 - Level 10.0 Ice Magic
 - Level 5.5 Earth Magic
 - Level 2.0 Poison Magic
 - Level 13.0 Invocations
 - Level 10.0 Evocations


You had one spell level left.
You knew the following spells:

 Your Spells              Type           Power      Damage    Failure   Level
a - Irradiate             Conj/Tmut      42%        3d27      4%          5
b - Wereblood             Tmut           93%        N/A       1%          2
c - Frozen Ramparts       Ice            100%       1d12      3%          3
d - Ice Form              Ice/Tmut       85%        N/A       3%          4
e - Blade Hands           Tmut           46%        N/A       3%          5
f - Ozocubu's Armour      Ice            76%        N/A       3%          3
g - Blink                 Tloc           100%       N/A       1%          2
h - Manifold Assault      Tloc           100%       N/A       1%          5
i - Lesser Beckoning      Tloc           100%       N/A       1%          3
j - Dragon Form           Tmut           46%        N/A       12%         7

Your spell library contained the following spells:

 Spells                   Type           Power      Damage    Failure   Level
 Apportation              Tloc           100%       N/A       1%          1
 Beastly Appendage        Tmut           100%       N/A       1%          1
 Freeze                   Ice            100%       1d11      2%          1
 Shock                    Conj/Air       100%       1d9       4%          1
 Animate Skeleton         Necr           28%        N/A       9%          1
 Pain                     Necr           56%        1d6       9%          1
 Slow                     Hex            56%        N/A       9%          1
 Gell's Gravitas          Tloc           100%       N/A       1%          3
 Teleport Other           Tloc           100%       N/A       1%          3
 Passage of Golubria      Tloc           100%       N/A       1%          4
 Passwall                 Tmut/Erth      64%        N/A       2%          2
 Searing Ray              Conj           100%       2d8       2%          2
 Iskenderun's Mystic Bla  Conj/Tloc      90%        2d18      2%          4
 Portal Projectile        Hex/Tloc       100%       N/A       3%          3
 Spider Form              Tmut/Pois      70%        N/A       3%          3
 Ensorcelled Hibernation  Hex/Ice        100%       N/A       4%          2
 Static Discharge         Conj/Air       50%        N/A       4%          2
 Stone Arrow              Conj/Erth      100%       3d13      4%          3
 Hailstorm                Conj/Ice       74%        3d15      4%          4
 Petrify                  Tmut/Erth      77%        N/A       4%          4
 Conjure Flame            Conj/Fire      50%        6-21      6%          3
 Dazzling Flash           Conj/Hex       100%       N/A       6%          3
 Iskenderun's Battlesphe  Conj           72%        2d12      8%          5
 Poisonous Vapours        Pois/Air       44%        N/A       9%          2
 Alistair's Intoxication  Tmut/Pois      46%        N/A       9%          5
 Summon Ice Beast         Ice/Summ       52%        N/A       11%         4
 Corpse Rot               Necr/Air       28%        N/A       12%         2
 Scorch                   Fire           28%        2d6       12%         2
 Sublimation of Blood     Necr           14%        N/A       12%         2
 Flame Wave               Conj/Fire      50%        2d10      12%         4
 Fulminant Prism          Conj/Hex       25%        3d14      12%         4
 Sticky Flame             Conj/Fire      50%        2d7       12%         4
 Freezing Cloud           Conj/Ice/Air   30%        6-21      13%         5
 Call Canine Familiar     Summ           14%        N/A       16%         3
 Confusing Touch          Hex            14%        N/A       16%         3
 Inner Flame              Hex/Fire       14%        N/A       16%         3
 Summon Guardian Golem    Hex/Summ       14%        N/A       16%         3
 Swiftness                Air            14%        N/A       16%         3
 Vampiric Draining        Necr           14%        2d7       16%         3
 Lee's Rapid Deconstruct  Erth           27%        3d16*     16%         5
 Disjunction              Tloc           52%        N/A       16%         8
 Leda's Liquefaction      Hex/Erth       18%        N/A       17%         4
 Metabolic Englaciation   Hex/Ice        26%        N/A       19%         5
 Fireball                 Conj/Fire      25%        3d11      21%         5
 Eringya's Noxious Bog    Tmut/Pois      35%        N/A       21%         6
 Iron Shot                Conj/Erth      32%        9d7       30%         6
 Borgnjor's Vile Clutch   Necr/Erth      18%        N/A       32%         5
 Airstrike                Air            7%         N/A       34%         4
 Anguish                  Hex/Necr       7%         N/A       34%         4
 Animate Dead             Necr           7%         N/A       34%         4
 Cause Fear               Hex            7%         N/A       34%         4
 Dispel Undead            Necr           14%        3d10      34%         4
 Summon Lightning Spire   Summ/Air       14%        N/A       34%         4
 Simulacrum               Ice/Necr       26%        N/A       50%         6
 Orb of Destruction       Conj           36%        9d11      50%         7
 Conjure Ball Lightning   Conj/Air       25%        3x3d7     54%         6
 Starburst                Conj/Fire      25%        6d8       54%         6
 Agony                    Necr           14%        N/A       58%         5
 Excruciating Wounds      Necr           7%         N/A       58%         5
 Silence                  Hex/Air        7%         N/A       58%         5
 Summon Mana Viper        Hex/Summ       14%        N/A       58%         5
 Storm Form               Tmut/Air       32%        N/A       67%         7
 Spellforged Servitor     Conj/Summ      25%        N/A       94%         7
 Death Channel            Necr           7%         N/A       95%         6
 Summon Cactus Giant      Summ           7%         N/A       95%         6
 Lehudib's Crystal Spear  Conj/Erth      32%        10d8      99%         8
 Necromutation            Tmut/Necr      32%        N/A       99%         8
 Enfeeble                 Hex            7%         N/A       100%        7
 Haunt                    Necr/Summ      7%         N/A       100%        7
 Monstrous Menagerie      Summ           7%         N/A       100%        7
 Borgnjor's Revivificati  Necr           7%         N/A       100%        8
 Discord                  Hex            7%         N/A       100%        8
 Ignition                 Fire           7%         3d4       100%        8
 Maxwell's Capacitive Co  Air            7%         ∞         100%        8
 Chain Lightning          Conj/Air       25%        3d33      100%        9
 Death's Door             Necr           7%         N/A       100%        9
 Dragon's Call            Summ           7%         N/A       100%        9
 Fire Storm               Conj/Fire      25%        8d6       100%        9
 Shatter                  Erth           27%        3d23*     100%        9
 Animate Armour           Summ/Erth      Unusable   N/A       N/A         4

Dungeon Overview and Level Annotations

Branches:
Dungeon (15/15)            Temple (1/1) D:5            Lair (6/6) D:10
 Shoals (4/4) Lair:2       Spider (4/4) Lair:4        Slime (0/5) Lair:6
    Orc (2/2) D:9             Elf (3/3) Orc:2        Vaults (5/5) D:13
  Crypt (3/3) Vaults:3       Tomb (0/3) Crypt:3      Depths (4/4) D:15
    Zot (5/5) Depths:4    Ossuary (visited)          Bailey (visited)
  IceCv (visited)

Altars:
Cheibriados
Dithmenos
Elyvilon
Fedhas
Gozag
Hepliaklqana
Kikubaaqudgha
Makhleb
Nemelex Xobeh
Okawaru
Qazlal
Ru
Sif Muna
Uskayaw
Wu Jian
Xom
Yredelemnul
Jiyva

Shops:
D:6 *   D:11 :   Orc:1 (   Orc:2 [[*!   Shoals:1 ([**!   Vaults:1 [
Vaults:5 [   Depths:2 *   Depths:3 *   Depths:4 :=:

Portals:
Hell: Depths:1 Depths:2 Depths:3 Depths:4
Abyss: Depths:2 Depths:3
Pandemonium: Depths:2 Depths:3
Ziggurat: Depths:3

Annotations:
D:13 exclusions: 4 skeletal warriors and 5 more exclusions
Lair:4 exclusion: 3 oklob plants
Lair:6 1 runed translucent door
Orc:1 1 runed translucent door, Axhoon's ghost, journeyman DrFi
Elf:1 6 runed translucent doors
Elf:2 3 runed translucent doors, exclusion: 3 doors
Vaults:2 2 transporters, vegansnacktivist's ghost, adept DDFi
Vaults:3 2 transporters
Crypt:2 1 runed translucent door, exclusion: door
Depths:3 3 runed translucent doors, exclusion: obsidian statue, WaxSun's ghost, veteran DjCj
Zot:2 exclusion: purple draconian


Innate Abilities, Weirdness & Mutations

You have blades for main tentacles.
You are immune to poison.
Your spellcasting is less reliable in this form.
You are incapable of wielding weapons or throwing items.
You cannot wear most types of armour.
You are amphibious.
You can wear up to eight rings at the same time.
Your skin changes colour to match your surroundings (Stealth+).
Your rubbery body absorbs attacks. (AC +1, EV +1)
((You are camouflaged when in or above water. (Stealth+)))
You have tentacles for arms and can constrict up to eight enemies at once.
You are strong-willed. (Will+)
You expend magic power (3 MP) to strengthen your wands.


Message History

You feel mighty!
The lich is engulfed in seething chaos.
Jozon hits you!! Jozon freezes you!
You are engulfed in seething chaos.
Jozon hits you!! Jozon hits you! Jozon hits you!!
* * * LOW HITPOINT WARNING * * *
Jozon burns you.
You are engulfed in seething chaos.
The tentacled monstrosity is no longer petrified.
Jozon hits you!!
* * * LOW HITPOINT WARNING * * *
Jozon hits you.
* * * LOW HITPOINT WARNING * * *
Jozon hits you!!!
* * * LOW HITPOINT WARNING * * *
Jozon freezes you!
* * * LOW HITPOINT WARNING * * *
The tentacled monstrosity completely misses you.
The tentacled monstrosity tentacle-slaps you.
* * * LOW HITPOINT WARNING * * *
The tentacled monstrosity tentacle-slaps you!
* * * LOW HITPOINT WARNING * * *
The tentacled monstrosity grabs you.
The tentacled monstrosity constricts you!
* * * LOW HITPOINT WARNING * * *
You are engulfed in seething chaos.
The lich is no longer petrified. x2
Jozon hits you!
* * * LOW HITPOINT WARNING * * *
The lich barely misses the lich.
Jozon hits you!!
* * * LOW HITPOINT WARNING * * *
You fade into invisibility!
The tentacled monstrosity tentacle-slaps you but does no damage.
The tentacled monstrosity tentacle-slaps you.
* * * LOW HITPOINT WARNING * * *
The tentacled monstrosity tentacle-slaps you but does no damage.
The tentacled monstrosity constricts you!
* * * LOW HITPOINT WARNING * * *
You are engulfed in seething chaos.
The lich gestures wildly while chanting.
The lich seems to speed up.
Jozon hits you!!
You die...

.................#.......######.#
#.........<......................
#..(....#......#......#..........
#.......#......#§.....#.####...##
........#......L........#≈≈≈≈≈≈≈≈
........#####.#.###)....####...##
......##.......L#§...............
.....)##.......X&§............##.
......##.......§@§...............
...........##.#.....#............
...........##....................
...........#..#####..............
#..#..........#.###.......#......
#..#.......##.#..##.#.....#......
..............#...#.#..[..#......
##.#..........#.(.###............
..............#....##........####


You could see Jozon (clouds), a tentacled monstrosity (strong), a lich (strong,
agile, invisible) and a neutral lich (fast, strong, agile, invisible).

Vanquished Creatures
  2 dread liches (Zot:5)
  4 orbs of fire
  6 ancient liches
  Mennas (Vaults:2)
  Bai Suzhen (Shoals:4)
  Sojobo (Vaults:3)
  Margery (Vaults:5)
  6 Killer Klowns
  2 curse toes
  Saint Roka (Orc:2)
  Xtahua (Vaults:2)
  2 golden dragons
  3 caustic shrikes (Depths:4)
  Nikola (Elf:2)
  Jory (Crypt:3)
  Arachne (Spider:4)
  7 electric golems
  A Brimstone Fiend (Zot:3)
  19 tentacled monstrosities
  Rupert (D:14)
  4 liches
  25 Orb Guardians (Zot:5)
  2 deep elf blademasters (Elf:3)
  A deep elf master archer (Elf:3)
  7 quicksilver dragons
  4 titans (Vaults:5)
  Agnes (Spider:2)
  Polyphemus (Shoals:2)
  9 death cobs
  4 sphinxes
  Kirke (Spider:2)
  2 ancient champions
  10 shadow dragons
  4 revenants
  11 tengu reavers
  7 fire giants
  7 draconian monks
  15 storm dragons
  13 vault wardens
  A fenstrider witch (Depths:3)
  11 draconian scorchers
  6 frost giants
  10 ghost moths
  2 iron dragons (Vaults:5)
  3 draconian knights
  10 deep elf sorcerers (Elf:3)
  7 emperor scorpions
  2 juggernaut zombies (Crypt:3)
  6 ghouls (Crypt:1)
  An orc warlord (Vaults:4)
  5 draconian shifters
  17 ironbound preservers
  2 balrugs
  2 deep elf elementalists (Elf:3)
  4 curse skulls
  3 spriggan defenders
  4 broodmothers
  3 draconian stormcallers
  4 ironbound thunderhulks
  7 draconian annihilators
  20 stone giants
  4 war gargoyles
  21 vampire knights
  13 very ugly things
  7 green draconians
  22 dire elephants
  10 deep elf demonologists
  An elemental wellspring (Depths:3)
  5 eleionomae (Depths:3)
  12 yellow draconians
  7 entropy weavers
  12 purple draconians
  7 deep elf annihilators (Elf:3)
  3 white draconians
  17 black draconians
  8 spark wasps
  8 red draconians
  6 eidola
  10 ettins
  15 jiangshi
  2 merfolk javelineers (Shoals:4)
  A blizzard demon (Depths:4)
  7 fire dragons
  4 merfolk impalers
  2 crystal guardians (Vaults:4)
  13 deep elf death magi
  5 deep elf high priests
  14 yaktaur captains
  8 boulder beetles
  38 vault guards
  6 great orbs of eyes
  2 spriggan zombies (Crypt:3)
  5 ice dragons
  3 rakshasas
  9 hydras
  5 jorogumos
  12 centaur warriors
  3 peacekeepers
  Erolcha (D:10)
  2 caustic shrike simulacra (IceCv)
  5 alligator snapping turtles
  3 ogre magi
  A spriggan air mage (Depths:3)
  A catoblepas (Shoals:2)
  4 ironbound frosthearts
  4 merfolk avatars
  15 dancing weapons
  2 death knights
  5 merfolk aquamancers
  3 satyrs
  2 spriggan berserkers (Depths:2)
  10 two-headed ogres
  6 deep troll shamans
  3 orc high priests (Orc:2)
  5 death yaks
  3 deep troll earth magi
  3 hell hogs (Depths:1)
  2 titan zombies
  16 vampire magi
  3 tengu warriors
  The ghost of PyroL the Arsonist, a novice DrFE of Vehumet (D:9)
  36 hell knights
  5 spriggans
  11 deep elf knights
  6 iron trolls
  5 soul eaters
  6 sun demons
  2 storm dragon zombies (Crypt:3)
  A titan skeleton (Crypt:2)
  6 shadow wraiths
  4 pharaoh ants
  2 golden dragon zombies (Crypt:3)
  A bunyip zombie (Crypt:3)
  52 deep trolls
  27 skeletal warriors
  18 sea snakes
  3 sun moths
  3 glowing orange brains
  2 spriggan druids (Depths:3)
  An anaconda zombie (Crypt:3)
  A flayed ghost (Crypt:2)
  8 steelbarb worms
  6 bog bodies
  7 ironbound convokers
  9 wizards
  15 necromancers
  2 orange crystal statues (IceCv)
  14 deep elf archers
  6 lindwurms
  12 orb spiders
  A spriggan simulacrum (Crypt:2)
  18 phantasmal warriors
  A golden dragon skeleton (Crypt:3)
  9 orc knights
  20 deep elf zephyrmancers
  6 harpies
  21 deep elf pyromancers
  An anaconda skeleton (Crypt:2)
  A stone giant zombie (Crypt:3)
  20 wolf spiders
  2 wolf spider zombies (D:15)
  A cyclops (shapeshifter) (Vaults:5)
  34 ugly things
  11 fauns
  8 orc sorcerers
  7 cyclopes
  A manticore (shapeshifter) (Elf:2)
  15 manticores
  A mana viper (shapeshifter) (Vaults:5)
  24 moths of wrath
  6 elephants
  8 black mambas
  2 naga zombies (Crypt:3)
  A salamander (Depths:3)
  9 centaur zombies
  10 merfolk sirens
  18 vault sentinels
  Maurice (D:8)
  16 water nymphs
  A stone giant skeleton (Vaults:2)
  2 rust devils
  A dire elephant zombie (Crypt:3)
  A molten gargoyle (Depths:1)
  13 torpor snails
  A gargoyle (D:12)
  6 cane toads
  2 smoke demons
  A hellion (Depths:2)
  2 naga skeletons
  5 kobold demonologists (D:9)
  A dire elephant skeleton (Crypt:2)
  4 anaconda simulacra (IceCv)
  3 tengu conjurers
  7 demonic crawlers
  3 rime drakes
  A sea snake zombie (Crypt:3)
  11 freezing wraiths
  3 unseen horrors
  An efreet (D:14)
  A minotaur zombie (Crypt:1)
  A bunyip simulacrum (Crypt:2)
  A green draconian skeleton (Crypt:1)
  A hellwing (Depths:2)
  An ice devil (Depths:2)
  An orb spider zombie (Crypt:1)
  A dryad (Depths:3)
  A golden dragon simulacrum (IceCv)
  21 yaktaurs
  9 komodo dragons
  A harpy zombie (Crypt:3)
  4 tyrant leeches (Lair:6)
  9 meliai
  23 merfolk
  7 trolls
  9 polar bears (Lair:6)
  A hydra zombie (Crypt:3)
  A queen bee (Lair:4)
  A slime creature (shapeshifter) (Vaults:4)
  4 wind drakes
  30 tarantellas
  2 tarantellas (shapeshifter) (Vaults:5)
  44 slime creatures
  16 snapping turtles
  A tyrant leech (shapeshifter) (Vaults:5)
  9 hornets
  2 raiju (Lair:6)
  An ettin zombie (Crypt:2)
  A stone giant simulacrum (Vaults:2)
  14 blink frogs
  6 dream sheep (Lair:4)
  A hydra skeleton (Crypt:2)
  23 jumping spiders
  A culicivora (shapeshifter) (Elf:1)
  An ettin skeleton (Crypt:2)
  2 dire elephant simulacra (IceCv)
  16 culicivoras
  A centaur simulacrum (D:14)
  2 air elementals (Elf:1)
  7 wraiths
  6 wyverns
  36 yaks
  17 vampires
  A fire elemental (Elf:1)
  A shadow (D:10)
  15 water elementals
  A hog (Spider:2)
  Grum (D:8)
  3 basilisks
  A neqoxec (Depths:2)
  A hog (shapeshifter) (D:13)
  A chaos spawn (Depths:4)
  62 redbacks
  4 vampire mosquitoes (D:13)
  3 harpy simulacra
  A water nymph zombie (Crypt:3)
  22 water moccasins
  11 wargs
  Duvessa (D:7)
  A water nymph skeleton (Crypt:2)
  15 hell hounds (Lair:6)
  A meliai simulacrum (D:12)
  A hornet zombie (D:5)
  26 orc warriors
  A sky beast (D:6)
  13 black bears
  An alligator simulacrum (IceCv)
  A fire dragon simulacrum (Crypt:3)
  A boggart (D:14)
  6 necrophages
  14 ogres
  32 wolves
  4 ettin simulacra (IceCv)
  A dream sheep skeleton (Crypt:3)
  13 centaurs
  8 kobold brigands (D:9)
  A yaktaur zombie (Crypt:2)
  11 bullfrogs
  A fire crab zombie (Crypt:2)
  4 gnoll sergeants
  A draconian skeleton (Crypt:1)
  An elf zombie (Ossuary)
  3 wyvern zombies
  A scorpion (D:6)
  An elf skeleton (Crypt:1)
  6 earth elementals
  2 human skeletons (Vaults:2)
  A salamander skeleton (Crypt:2)
  A water moccasin zombie (D:5)
  A queen bee zombie (Crypt:1)
  A wyvern skeleton (Crypt:3)
  3 water moccasin skeletons
  A cyclops skeleton (Crypt:2)
  Dowan (D:7)
  4 howler monkeys
  48 killer bees
  3 electric eels
  2 bullfrog zombies (D:6)
  A black bear zombie (Crypt:3)
  3 jellies
  2 gnoll shamans
  3 hounds
  2 human zombies (Ossuary)
  16 orc priests
  3 centaur skeletons
  3 iguanas
  A hell rat (Lair:4)
  20 orc wizards
  2 scorpion zombies
  4 killer bee zombies
  2 mummies (Ossuary)
  A howler monkey zombie (D:9)
  A howler monkey skeleton (D:6)
  27 gnolls
  8 adders
  A white imp (D:8)
  4 ufetubi
  An adder zombie (Ossuary)
  4 worms
  2 dart slugs
  69 orcs
  9 ball pythons
  8 endoplasms
  2 giant cockroaches (D:3)
  10 goblins
  6 hobgoblins
  10 jackals
  39 kobolds
  4 quokkas
  2 bats (D:1)
  3 frilled lizards
  A goblin skeleton (Crypt:1)
  9 hobgoblin zombies (Ossuary)
  A jackal zombie (Ossuary)
  A kobold skeleton (Crypt:2)
  6 kobold zombies
  13 orc zombies (Ossuary)
  5 rats
  2 rat zombies (Ossuary)
  2 fulminant prisms (IceCv)
2376 creatures vanquished.

Vanquished Creatures (collateral kills)
  A tentacled monstrosity (Zot:5)
  An Orb Guardian (Zot:5)
  A fire giant (Depths:2)
  A draconian knight (Zot:5)
  A crystal guardian (Vaults:3)
  A deep troll (Vaults:3)
  An ugly thing (Vaults:4)
  A cyclops (D:13)
  A tarantella (Spider:2)
  A culicivora (Spider:2)
  A redback (Spider:2)
  An orc (Orc:1)
12 creatures vanquished.

Vanquished Creatures (others)
  A lich (Depths:2)
  A deep elf zephyrmancer (Elf:1)
  An ugly thing (D:15)
  3 humans (Spider:2)
  3 bushes (D:5)
  39 fulminant prisms
  25 fungi
  232 plants
305 creatures vanquished.

Grand Total: 2693 creatures vanquished

Notes
Turn   | Place    | Note
-------+----------+-------------------------------------------
     0 | D:1      | buhh the Octopode Transmuter began the quest for the Orb.
     0 | D:1      | Reached XP level 1. HP: 13/13 MP: 3/3
   284 | D:1      | Reached XP level 2. HP: 16/19 MP: 3/5
   819 | D:1      | Reached XP level 3. HP: 19/25 MP: 4/6
  1864 | D:2      | Found a faded altar of an unknown god.
  1935 | D:2      | Reached XP level 4. HP: 31/32 MP: 5/7
  2499 | D:3      | Noticed a water moccasin
  2520 | D:3      | Killed a water moccasin
  2521 | D:3      | Reached XP level 5. HP: 18/39 MP: 6/8
  3574 | D:4      | Reached XP level 6. HP: 45/45 MP: 7/9
  3684 | D:4      | Gained mutation: You are weak. (Str -2) [potion of
                  | mutation]
  3684 | D:4      | Lost mutation: You are weak. (Str -2) [potion of mutation]
  3685 | D:4      | Gained mutation: You tend to lose your temper in combat.
                  | [potion of mutation]
  3685 | D:4      | Gained mutation: You have hidden genetic potential. [potion
                  | of mutation]
  3685 | D:4      | Gained mutation: You are partially covered in iridescent
                  | scales. (AC +2) [potion of mutation]
  3686 | D:4      | Lost mutation: You are partially covered in iridescent
                  | scales. (AC +2) [potion of mutation]
  3686 | D:4      | Lost mutation: You have hidden genetic potential. [potion
                  | of mutation]
  3686 | D:4      | Lost mutation: You tend to lose your temper in combat.
                  | [potion of mutation]
  3686 | D:4      | Gained mutation: Your mind is acute. (Int +2) [potion of
                  | mutation]
  3809 | D:4      | Learned a level 2 spell: Wereblood
  3813 | D:4      | Learned a level 3 spell: Spider Form
  3858 | D:4      | Found a sparkling altar of Nemelex Xobeh.
  4021 | D:4      | Identified the +0 pair of boots of Cesal {+Inv}
  4202 | D:5      | Entered Level 5 of the Dungeon
  4227 | D:5      | Found a staircase to the Ecumenical Temple.
  4395 | Temple   | Entered the Ecumenical Temple
  4513 | Temple   | Became a worshipper of Cheibriados the Contemplative
  4801 | D:5      | Found a shadowy altar of Dithmenos.
  5004 | D:5      | Noticed a water moccasin
  5037 | D:6      | Reached XP level 7. HP: 41/50 MP: 8/10
  6015 | D:5      | Found a blossoming altar of Fedhas.
  6423 | D:6      | Learned a level 4 spell: Ice Form
  6636 | D:6      | Reached * piety under Cheibriados
  6850 | D:6      | Reached XP level 8. HP: 55/55 MP: 11/11
  7096 | D:6      | Found a shimmering altar of Xom.
  7589 | D:6      | Found a shimmering blue altar of Sif Muna.
  8079 | D:6      | Found Qekiaw's General Store.
  8084 | D:6      | Bought a potion of brilliance for 48 gold pieces
  8197 | D:5      | Reached XP level 9. HP: 61/61 MP: 8/12
  8875 | D:7      | Reached ** piety under Cheibriados
  9456 | D:7      | Noticed Duvessa
  9456 | D:7      | Noticed Dowan
  9464 | D:7      | Killed Duvessa
  9466 | D:7      | Killed Dowan
  9623 | D:7      | Reached XP level 10. HP: 52/66 MP: 9/13
  9737 | D:7      | Reached *** piety under Cheibriados
  9754 | D:7      | Found an opulent altar of Gozag.
 10206 | D:7      | Found a white marble altar of Elyvilon.
 10497 | D:7      | Found a hide-covered altar of Uskayaw.
 10711 | D:8      | Noticed Maurice
 10717 | D:8      | Killed Maurice
 10718 | D:8      | Reached skill level 4 in Unarmed Combat
 10726 | D:8      | Found a sand-covered staircase.
 10735 | Ossuary  | Entered an ossuary
 10845 | Ossuary  | Reached **** piety under Cheibriados
 11096 | D:8      | Noticed Grum
 11109 | D:8      | Killed Grum
 11115 | D:8      | Reached skill level 5 in Unarmed Combat
 12889 | D:9      | Reached skill level 6 in Unarmed Combat
 12960 | D:9      | Reached ***** piety under Cheibriados
 13058 | D:9      | Found a staircase to the Orcish Mines.
 13162 | D:9      | Reached XP level 11. HP: 71/71 MP: 11/15
 13237 | D:9      | Found a burning altar of Makhleb.
 13277 | D:9      | Found a runed translucent gate.
 13277 | D:9      | Found a runed translucent gate.
 13279 | D:9      | Found a runed translucent gate.
 13280 | D:9      | Noticed PyroL's ghost (novice DrFE)
 13335 | D:9      | Reached skill level 7 in Unarmed Combat
 13967 | D:10     | Entered Level 10 of the Dungeon
 13978 | D:10     | Noticed a cyclops
 13983 | D:10     | Killed a cyclops
 14003 | D:10     | Noticed Erolcha
 14008 | D:10     | Killed Erolcha
 14039 | D:10     | Found a flagged portal.
 14049 | Bailey   | Entered a bailey
 14667 | D:10     | Reached skill level 8 in Unarmed Combat
 14697 | D:10     | Found a staircase to the Lair.
 14738 | D:10     | Noticed a two-headed ogre
 14743 | D:10     | Killed a two-headed ogre
 15126 | D:11     | Noticed a purple ugly thing
 15250 | Lair:1   | Entered Level 1 of the Lair of Beasts
 15491 | Lair:1   | Noticed a boulder beetle
 15493 | Lair:1   | Killed a boulder beetle
 15563 | Lair:1   | Found an ornate altar of the Wu Jian Council.
 15589 | Lair:1   | Found a hide-covered altar of Uskayaw.
 15761 | Lair:1   | Reached XP level 12. HP: 54/81 MP: 16/19
 16390 | Lair:2   | Noticed a boulder beetle
 16406 | Lair:2   | Killed a boulder beetle
 17123 | Lair:2   | Found a staircase to the Shoals.
 17822 | Lair:3   | Reached skill level 11 in Invocations
 18890 | Lair:3   | Identified the +0 hat "Ryetto" {Harm Int-3 Slay+2}
 19436 | Lair:4   | Reached skill level 11 in Fighting
 19442 | Lair:4   | Noticed a five-headed hydra
 19460 | Lair:4   | Killed a five-headed hydra
 19461 | Lair:4   | Reached XP level 13. HP: 42/96 MP: 21/21
 20480 | Lair:4   | Found a hole to the Spider Nest.
 20515 | Lair:4   | Reached skill level 9 in Unarmed Combat
 21070 | Lair:5   | Reached ****** piety under Cheibriados
 21123 | Lair:5   | Reached skill level 10 in Unarmed Combat
 21603 | Lair:6   | Entered Level 6 of the Lair of Beasts
 21942 | Lair:6   | Reached skill level 11 in Unarmed Combat
 22083 | Lair:6   | Reached XP level 14. HP: 106/106 MP: 14/22
 22150 | Lair:6   | Reached skill level 12 in Unarmed Combat
 22218 | Lair:6   | Found a runed translucent door.
 22535 | Lair:6   | Reached skill level 13 in Unarmed Combat
 23461 | Lair:6   | Found a viscous altar of Jiyva.
 23461 | Lair:6   | Found a staircase to the Slime Pits.
 24034 | D:11     | Found Evoy's Book Shoppe.
 25069 | D:12     | Reached skill level 11 in Transmutations
 25829 | Orc:1    | Entered Level 1 of the Orcish Mines
 25995 | Orc:1    | Found Dodaimp's Weapon Shop.
 26172 | Orc:1    | Reached XP level 15. HP: 110/110 MP: 20/23
 26315 | Orc:1    | Found a runed translucent door.
 26317 | Orc:1    | Noticed Axhoon's ghost (journeyman DrFi)
 26764 | Orc:2    | Entered Level 2 of the Orcish Mines
 27050 | Orc:2    | Noticed Saint Roka
 27063 | Orc:2    | Killed Saint Roka
 27157 | Orc:2    | Found a staircase to the Elven Halls.
 27324 | Orc:2    | Found Licir's Distillery.
 27481 | Orc:2    | Found Ytebloc's Antique Armour Emporium.
 27486 | Orc:2    | Bought a potion of cancellation for 112 gold pieces
 27486 | Orc:2    | Bought a potion of heal wounds for 70 gold pieces
 27486 | Orc:2    | Bought a potion of curing for 42 gold pieces
 27486 | Orc:2    | Bought 2 potions of heal wounds for 140 gold pieces
 27486 | Orc:2    | Bought a potion of invisibility for 112 gold pieces
 27486 | Orc:2    | Bought 2 potions of curing for 84 gold pieces
 27489 | Orc:2    | Found Hucevi's Antique Armour Emporium.
 27491 | Orc:2    | Found Nifyleol's Assorted Antiques.
 27499 | Orc:2    | Bought a jade ring for 180 gold pieces
 27499 | Orc:2    | Bought a granite ring for 180 gold pieces
 27788 | D:13     | Found a shadowy altar of Dithmenos.
 28029 | D:13     | Found a gate to the Vaults.
 28584 | D:14     | Noticed Rupert
 28703 | D:15     | Entered Level 15 of the Dungeon
 29027 | D:11     | Bought a book of Alchemy for 392 gold pieces
 29033 | D:11     | Learned a level 5 spell: Irradiate
 29413 | D:9      | Killed PyroL's ghost
 29431 | D:9      | Learned a level 3 spell: Frozen Ramparts
 29436 | D:9      | Learned a level 4 spell: Hailstorm
 29717 | Spider:1 | Entered Level 1 of the Spider Nest
 30055 | Shoals:1 | Entered Level 1 of the Shoals
 30055 | Shoals:1 | Found Feorurph's Distillery.
 30067 | Shoals:1 | Bought a potion of curing for 48 gold pieces
 30067 | Shoals:1 | Bought a potion of curing for 48 gold pieces
 30067 | Shoals:1 | Bought a potion of heal wounds for 80 gold pieces
 30067 | Shoals:1 | Bought a potion of brilliance for 64 gold pieces
 30067 | Shoals:1 | Bought a potion of curing for 48 gold pieces
 30067 | Shoals:1 | Bought a potion of curing for 48 gold pieces
 30421 | Shoals:2 | Identified the +3 leather armour of Tous {Will+ Dex+3}
 30623 | Shoals:2 | Noticed Polyphemus
 30810 | Shoals:1 | Reached XP level 16. HP: 118/118 MP: 20/24
 30863 | Shoals:1 | Found Kouvuch's Visitors' Centre.
 30939 | Shoals:1 | Found Kouvuch's Merfolk Weapons.
 30952 | Shoals:1 | Found Kouvuch's Merfolk Magic.
 31043 | Shoals:1 | Bought a scroll of teleportation for 300 gold pieces
 31048 | Shoals:1 | Bought a ring of willpower for 375 gold pieces
 31048 | Shoals:1 | Bought a ring of willpower for 375 gold pieces
 31647 | Shoals:3 | Found a runed translucent door.
 31706 | Shoals:3 | Reached skill level 15 in Fighting
 33430 | Shoals:4 | Entered Level 4 of the Shoals
 33748 | Shoals:4 | Reached XP level 17. HP: 127/127 MP: 25/25
 35758 | Spider:2 | Noticed Kirke
 35765 | Spider:2 | Killed Kirke
 35767 | Spider:2 | Noticed Agnes
 35965 | Spider:2 | Killed Agnes
 36422 | Spider:2 | Reached XP level 18. HP: 134/134 MP: 15/26
 37236 | Spider:2 | Got Casting, Part Two
 37951 | Spider:2 | Reached skill level 15 in Transmutations
 38870 | Spider:3 | Got the Handbook of the Entourage and the Birds
 38903 | Spider:3 | Reached skill level 14 in Unarmed Combat
 39056 | Spider:3 | Learned a level 3 spell: Ozocubu's Armour
 39161 | Spider:4 | Entered Level 4 of the Spider Nest
 39801 | Spider:4 | Paralysed by a jorogumo for 2 turns
 39907 | Spider:4 | Reached skill level 15 in Unarmed Combat
 40549 | Spider:4 | Reached skill level 16 in Unarmed Combat
 40752 | Spider:4 | Noticed Arachne
 40760 | Spider:4 | Killed Arachne
 40919 | Spider:4 | Reached XP level 19. HP: 139/139 MP: 2/27
 41164 | Spider:4 | Got a gossamer rune of Zot
 41680 | Spider:4 | Identified the +7 scimitar of the Key {antimagic, rN+ Str-3
                  | Int+3}
 42252 | Shoals:4 | Noticed Bai Suzhen
 42547 | Elf:1    | Entered Level 1 of the Elven Halls
 42592 | Elf:1    | Paralysed by an air elemental for 1 turns
 42687 | Elf:1    | Paralysed by an air elemental for 1 turns
 42690 | Elf:1    | Noticed a Tzitzimitl
 42690 | Elf:1    | Paralysed by an air elemental for 1 turns
 42693 | Elf:1    | Paralysed by an air elemental for 1 turns
 42785 | Elf:2    | Reached skill level 17 in Unarmed Combat
 43072 | Elf:2    | Found a frozen archway.
 43074 | Elf:2    | Noticed Nikola
 43093 | Elf:2    | Killed Nikola
 43111 | IceCv    | Entered an ice cave
 43569 | IceCv    | Learned a level 4 spell: Fulminant Prism
 43581 | IceCv    | Identified the +3 chain mail of Beogh's Outrage {+Blink
                  | SInv}
 44226 | IceCv    | Identified the +1 whip "Feaqogu" {flame, rPois Will- Int+6
                  | Dex-4}
 44235 | IceCv    | Identified the +9 scimitar "Areem" {freeze, Fly rF- Dex+3}
 44637 | Elf:1    | Paralysed by an air elemental for 1 turns
 44819 | Elf:1    | Noticed a Brimstone Fiend
 45326 | Elf:1    | Found a runed translucent gate.
 45326 | Elf:1    | Found a runed translucent gate.
 45326 | Elf:1    | Found a runed translucent gate.
 45326 | Elf:1    | Found a runed translucent gate.
 45326 | Elf:1    | Found a runed translucent gate.
 45328 | Elf:1    | Found a runed translucent gate.
 46439 | D:14     | Killed Rupert
 48328 | D:15     | Found a staircase to the Depths.
 48340 | D:15     | Reached XP level 20. HP: 147/147 MP: 28/28
 48660 | Vaults:1 | Entered Level 1 of the Vaults
 50103 | Shoals:2 | Killed Polyphemus
 50821 | Shoals:4 | Killed Bai Suzhen
 51872 | Shoals:4 | Learned a level 2 spell: Blink
 51878 | Shoals:4 | Learned a level 5 spell: Manifold Assault
 52042 | Shoals:4 | Learned a level 3 spell: Lesser Beckoning
 52643 | Shoals:4 | Identified the +2 falchion of Teirar {vorpal, rElec rC+
                  | Int+6}
 53194 | Shoals:4 | Got a barnacled rune of Zot
 54478 | Vaults:1 | Found Songec's Antique Armour Shop.
 56426 | Vaults:1 | Learned a level 5 spell: Blade Hands
 56820 | Vaults:2 | Found a transporter.
 56824 | Vaults:2 | Noticed vegansnacktivist's ghost (adept DDFi)
 56825 | Vaults:2 | Noticed a dread lich
 56910 | Vaults:2 | Found a transporter.
 57086 | Vaults:2 | Reached XP level 21. HP: 153/153 MP: 18/31
 57143 | Vaults:2 | Noticed Mennas
 57152 | Vaults:2 | Killed Mennas
 57153 | Vaults:2 | Reached skill level 11 in Translocations
 57803 | Vaults:2 | Noticed Xtahua
 58525 | Vaults:2 | Killed Xtahua
 59811 | Vaults:3 | You fall into a shaft and drop 1 floor!
 60024 | Vaults:4 | Identified the ring "Arieno" {rF+ Dex+3}
 60165 | Vaults:4 | Reached skill level 15 in Translocations
 61350 | Vaults:4 | Reached skill level 18 in Unarmed Combat
 61351 | Vaults:4 | Reached XP level 22. HP: 160/160 MP: 1/32
 62059 | Vaults:3 | Noticed Sojobo
 62411 | Vaults:3 | Found a staircase to the Crypt.
 62749 | Vaults:3 | Found a transporter.
 62789 | Vaults:3 | Found a transporter.
 62932 | Vaults:3 | Killed Sojobo
 63599 | Vaults:4 | Reached skill level 19 in Unarmed Combat
 64693 | Elf:2    | Found a runed translucent gate.
 64694 | Elf:2    | Found a runed translucent gate.
 64695 | Elf:2    | Found a runed translucent gate.
 65172 | Elf:3    | Entered Level 3 of the Elven Halls
 65189 | Elf:3    | Identified the ring of Hiuj {rPois EV+4}
 66045 | Elf:3    | Reached skill level 20 in Unarmed Combat
 66896 | Elf:3    | Reached skill level 11 in Dodging
 67180 | Elf:3    | HP: 7/160 [deep elf blademaster/+0 rapier (10)]
 68002 | Elf:3    | Got Yfeug's Handbook of Entrancing Confrontation
 68165 | Elf:3    | Identified the +8 hand crossbow "Xibbuqef" {flame, Drain
                  | Str+4}
 69043 | Crypt:1  | Entered Level 1 of the Crypt
 69196 | Crypt:1  | Reached XP level 23. HP: 77/165 MP: 8/33
 70619 | Crypt:2  | Reached skill level 15 in Dodging
 70985 | Crypt:2  | Found a runed translucent door.
 70986 | Crypt:2  | Noticed an ancient lich
 72172 | Crypt:3  | Entered Level 3 of the Crypt
 73773 | Crypt:3  | Noticed Jory
 73790 | Crypt:3  | Killed Jory
 74260 | Crypt:3  | Reached skill level 18 in Dodging
 74261 | Crypt:3  | Reached XP level 24. HP: 155/169 MP: 19/33
 74316 | Crypt:3  | Found a staircase to the Tomb.
 74776 | Crypt:3  | Got Godo's Handbook of Black Rites
 75240 | Depths:1 | Entered Level 1 of the Depths
 76067 | Depths:1 | Found a gateway to Hell.
 77356 | Depths:2 | Found a one-way gate leading to the halls of Pandemonium.
 78310 | Depths:2 | Found a one-way gate to the infinite horrors of the Abyss.
 79260 | Depths:2 | Found Nenwoogh's Assorted Antiques.
 79268 | Depths:2 | Bought a scroll labelled DUCWAXOFEN for 26 gold pieces
 79268 | Depths:2 | Acquired the ring "Rigas" {rElec Str-2 Int-2 Dex+6 Slay+4}
 79393 | Depths:3 | Reached skill level 18 in Fighting
 79745 | Depths:3 | Found a one-way gateway to a ziggurat.
 80024 | Depths:3 | Reached XP level 25. HP: 180/183 MP: 28/33
 80584 | Depths:3 | Found a runed translucent gate.
 80584 | Depths:3 | Found a runed translucent gate.
 80584 | Depths:3 | Found a runed translucent gate.
 80585 | Depths:3 | Noticed WaxSun's ghost (veteran DjCj)
 80586 | Depths:3 | Found an opulent altar of Gozag.
 80586 | Depths:3 | Found Wioleetz's Assorted Antiques.
 81061 | Depths:4 | Entered Level 4 of the Depths
 81778 | Depths:4 | Found the +7 pair of quick blades "Gyre" and "Gimble"
                  | {protect}
 82034 | Depths:4 | Found Pamioc's Book Shoppe.
 82034 | Depths:4 | Found Jeuliaba's Jewellery Boutique.
 82035 | Depths:4 | Found Wofrel Ostry's Book Shoppe.
 82866 | Depths:4 | Found a gate to the Realm of Zot.
 83654 | Vaults:5 | Entered Level 5 of the Vaults
 83659 | Vaults:5 | Reached skill level 18 in Translocations
 83663 | Vaults:5 | Noticed Margery
 83997 | Vaults:5 | Identified the ring of the Sky {Dex+2 Slay+4 SInv}
 84005 | Vaults:5 | Got a silver rune of Zot
 84241 | Vaults:5 | Identified the +3 ring mail of the Frog {Contam rN+ Regen+}
 84364 | Vaults:5 | Noticed an ancient lich
 84372 | Vaults:5 | Killed an ancient lich
 85318 | Vaults:5 | Reached skill level 11 in Stealth
 85571 | Vaults:5 | Reached XP level 26. HP: 189/189 MP: 24/33
 85834 | Vaults:5 | Identified the +8 war axe of Dividends {vorpal, Str+8}
 85841 | Vaults:5 | Killed Margery
 85988 | Vaults:5 | Identified the +4 chain mail "Raigoxez" {Int+3}
 86623 | Vaults:5 | Reached skill level 22 in Dodging
 87584 | Vaults:5 | Found Ecadeq's Armour Shoppe.
 88015 | Zot:1    | Entered Level 1 of the Realm of Zot
 89067 | Zot:1    | Learned a level 7 spell: Dragon Form
 89208 | Zot:2    | Noticed an ancient lich
 89212 | Zot:2    | Killed an ancient lich
 90040 | Zot:2    | Noticed a Killer Klown
 90059 | Zot:2    | Noticed a Killer Klown
 90064 | Zot:2    | Killed a Killer Klown
 90066 | Zot:2    | Killed a Killer Klown
 91406 | Zot:3    | Reached XP level 27. HP: 194/201 MP: 31/33
 91562 | Zot:4    | Noticed an orb of fire
 91575 | Zot:4    | Gained mutation: Your body sometimes deteriorates upon
                  | taking damage. [an orb of fire]
 91584 | Zot:4    | Killed an orb of fire
 93131 | Zot:4    | Reached skill level 21 in Unarmed Combat
 93390 | Zot:5    | Entered Level 5 of the Realm of Zot
 94113 | Zot:5    | Noticed an orb of fire
 94120 | Zot:5    | Reached skill level 22 in Unarmed Combat
 94120 | Zot:5    | Killed an orb of fire
 94125 | Zot:5    | Noticed a dread lich
 94128 | Zot:5    | Noticed an orb of fire
 94145 | Zot:5    | Killed an orb of fire
 94148 | Zot:5    | Killed a dread lich
 94151 | Zot:5    | Noticed a dread lich
 94478 | Zot:5    | Noticed an orb of fire
 94482 | Zot:5    | Gained mutation: You are frail. (-10% HP) [an orb of fire]
 94483 | Zot:5    | Killed an orb of fire
 94492 | Zot:5    | Noticed an ancient lich
 94496 | Zot:5    | Killed an ancient lich
 94706 | Zot:5    | Lost mutation: Your body sometimes deteriorates upon taking
                  | damage. [potion of mutation]
 94706 | Zot:5    | Lost mutation: You are frail. (-10% HP) [potion of
                  | mutation]
 94706 | Zot:5    | Gained mutation: Your mind is very acute. (Int +4) [potion
                  | of mutation]
 94706 | Zot:5    | Gained mutation: Your body sometimes deteriorates upon
                  | taking damage. [potion of mutation]
 94706 | Zot:5    | Gained mutation: You are partially covered in iridescent
                  | scales. (AC +2) [potion of mutation]
 94808 | Zot:4    | Lost mutation: Your mind is very acute. (Int +4) [potion of
                  | mutation]
 94808 | Zot:4    | Lost mutation: You are partially covered in iridescent
                  | scales. (AC +2) [potion of mutation]
 94808 | Zot:4    | Lost mutation: Your mind is acute. (Int +2) [potion of
                  | mutation]
 94808 | Zot:4    | Gained mutation: You tend to lose your temper in combat.
                  | [potion of mutation]
 94808 | Zot:4    | Gained mutation: You have hidden genetic potential. [potion
                  | of mutation]
 94809 | Zot:4    | Lost mutation: You tend to lose your temper in combat.
                  | [potion of mutation]
 94809 | Zot:4    | Lost mutation: Your body sometimes deteriorates upon taking
                  | damage. [potion of mutation]
 94809 | Zot:4    | Lost mutation: You have hidden genetic potential. [potion
                  | of mutation]
 94809 | Zot:4    | Gained mutation: You expend magic power (3 MP) to
                  | strengthen your wands. [potion of mutation]
 94809 | Zot:4    | Gained mutation: You are strong-willed. (Will+) [potion of
                  | mutation]
 94839 | Zot:5    | Reached skill level 23 in Unarmed Combat
 95260 | Zot:5    | Noticed an ancient lich
 95319 | Zot:5    | Killed an ancient lich
 95351 | Zot:5    | buhh: lol
 95358 | Zot:5    | Reached skill level 24 in Unarmed Combat
 95365 | Zot:5    | Noticed an ancient lich
 95379 | Zot:5    | Killed an ancient lich
 95384 | Zot:5    | Killed a dread lich
 95384 | Zot:5    | Noticed an ancient lich
 95399 | Zot:5    | Killed an ancient lich
 97011 | Zot:5    | Got the Orb of Zot
 97245 | Depths:4 | Noticed Jozon the pandemonium lord
 97260 | Depths:4 | HP: 10/291 [Jozon the pandemonium lord (15)]
 97261 | Depths:4 | Mangled by Jozon the pandemonium lord

Illustrated notes

Levels and vault maps discovered:
D:1:      amcnicky_arrival_wind_blow, layout_basic
D:2:      layout_loops_ring, hellmonk_ecumenical_altar_dog_temple,
          nicolae_elevator_lobby_asterisk
D:3:      layout_basic
D:4:      layout_basic, mainiacjoe_overflow_concentric_impassable
D:5:      layout_loops_ring, mainiacjoe_overflow_brackets,
          fedhas_altar_decomposition, temple_pool_b, serial_co_window_serial,
          co_window_of_opportunity_a, co_window_paths_a, co_window_corner_a,
          co_window_of_opportunity_a, co_window_paths_b, co_window_paths_a,
          co_window_of_opportunity_a, co_window_corner_cb, co_window_cross_2,
          co_window_unsneaky_path_d, co_window_4corner_b, glass_columns_b,
          glass_columns_a, glass_columns_b, glass_columns_a, glass_columns_a
D:6:      minmay_diamond_boxcup, layout_rooms, mainiacjoe_overflow_24_doors,
          mainiacjoe_overflow_boulevard, serial_shops,
          nicolae_shop_hallway_plus, chequers_serial_rivers_micro_e,
          grunt_ministairs_5, hangedman_decor_riveting, minmay_misc_feat_iff,
          kennysheep_big_empty_room, st_stairs_1
D:7:      layout_basic, elyvilon_altar_3,
          nicolae_gozag_cash_rules_everything_around_me, marbit_many_paths,
          serial_bayou, serial_bayou_lagoon_a, serial_bayou_pond_a,
          serial_bayou_pond_d, serial_bayou_shore_b, uniq_duvessa
D:8:      layout_basic, serial_rivers, chequers_serial_rivers_small_a,
          chequers_serial_rivers_small_b, chequers_serial_rivers_micro_b,
          chequers_serial_rivers_small_3, chequers_serial_rivers_large_b,
          lightli_ossuary_entry_decrepit_ruins, uniq_maurice, uniq_grum
D:9:      kennysheep_kobold_camp, layout_basic,
          mainiacjoe_overflow_small_starburst, orc_0_dummy,
          gammafunk_ghost_nasty_kobolds, lemuel_another_geyser
D:10:     layout_loops_ring, david_lair_shrubbed, enter_bailey_6,
          nicolae_two_hexagons, uniq_erolcha
D:11:     kennysheep_big_flooded_room, layout_basic, serial_shops, shop,
          due_unseen_surprise
D:12:     layout_roguey
D:13:     layout_loops_ring, erik_vaults_1,
          nicolae_dithmenos_through_a_glass_darkly
D:14:     lemuel_ogre_cave, layout_rooms, hangedman_abyss_or_decor_passed,
          uniq_rupert
D:15:     grunt_enter_depths_magical_seal, layout_rooms, serial_glass,
          glass_columns_a, glass_columns_b, serial_park_square1
          [serial_park_minivault_5x5_7], minmay_diced_spiral
Temple:   oiseaux_autumnal_temple
Lair:1:   layout_chaotic_city, nzn_masters_of_martial_movement
Lair:2:   layout_layer_cave, elwin_shoals_entry_rooms, nzn_sisyphean_effort
Lair:3:   layout_regular_city, wad_woods_river_01
Lair:4:   hangedman_what_comes_after_a, layout_loops_ring,
          spider_nest_entry_funnel_web, serial_rivers,
          chequers_serial_rivers_small_3, chequers_serial_rivers_small_b,
          chequers_serial_rivers_micro_b, chequers_serial_rivers_small_b,
          chequers_serial_rivers_micro_c, chequers_serial_rivers_small_a
Lair:5:   layout_misc_corridors
Lair:6:   hangedman_lair_caniforms_friends, layout_cave_pods, wormcave,
          slime_altar_1, lemuel_fruit_fields
Shoals:1: nicolae_shoals_mermall, layout_shoals, serial_shops,
          nicolae_shop_statue_plus, nicolae_shoals_secluded_bog
Shoals:2: layout_shoals, nicolae_shoals_lost_giant_amphitheater, uniq_polyphemus
Shoals:3: layout_shoals, nicolae_shoals_square_sea_wall, lightli_airlock
Shoals:4: shoals_end_simple, layout_shoals, uniq_bai_suzhen
Spider:1: layout_chambers
Spider:2: nicolae_spider_hall_of_the_moth_king, nicolae_spider_circle_web,
          uniq_agnes, uniq_kirke
Spider:3: layout_spider_delve, nicolae_spider_baby_got_redback
Spider:4: johnstein_spider_rune_arachne_lair
Orc:1:    cheibrodos_orc_guarddog, layout_caves, ebering_ghost_inner_flame,
          serial_shops, nicolae_shop_crystal, nicolae_orc_lava_room
Orc:2:    st_orc_elflike, layout_caves, uniq_saint_roka
Elf:1:    layout_rooms, orc_legates, amcnicky_mini_pool_small,
          nicolae_twisting_strands
Elf:2:    nicolae_elf_blades_splatter_lattice [mumra_blade_entry_bloodbath],
          layout_onion_city, portal_ice_cave_entry_pillars_2, uniq_nikola
Elf:3:    minmay_elf_hall_spiked, layout_onion_city, guppyfry_elf_castle
Vaults:1: v_misc_22, vaults_dpeg_encased_lava, hangedman_vaults_restitches,
          nicolae_vaults_windows_and_doors_thing, vaults_room_pool,
          ontoclasm_vaults_fault, nicolae_vaults_rhombus_6,
          nicolae_vaults_yaktaur_gun_rack, vaults_dpeg_hooks,
          layout_vaults_omnigrid, serial_shops, nicolae_shop_waterfront
Vaults:2: nzn_ghost_randoct, hangedman_vaults_maws, grunt_vaults_swirl,
          dpeg_vaults_monster_box, ontoclasm_vaults_pinch, v_misc_15,
          nicolae_vaults_circle_grid_a, v_misc_9,
          nicolae_vaults_little_squares_6, hangedman_vaults_corner_blocks,
          hangedman_vaults_variations, ontoclasm_vaults_hangar,
          layout_vaults_omnibox, uniq_mennas, uniq_xtahua
Vaults:3: hangedman_vaults_stagger, gammafunk_dig_for_victory,
          grunt_vaults_diagonal, nicolae_vaults_little_squares_2,
          vaults_mumra_chevron, v_pattern_5, ontoclasm_vaults_ligature,
          v_misc_16, vaults_room_stairs_pillars, grunt_vaults_twisty,
          vaults_room_stairs_pillars, layout_vaults_chaotic_city,
          dummy_crypt_entry, uniq_sojobo
Vaults:4: hangedman_vaults_trim, v_misc_1, vaults_room_hallway,
          vaults_room_stairs_pillars, v_pattern_2, v_misc_1, sword_in_stone,
          nicolae_vaults_little_squares_2, nicolae_vaults_circle_grid_b,
          nicolae_vaults_shelves_hall, vaults_room_door_hall,
          layout_vaults_maze_snakey
Vaults:5: serial_shops, uniq_margery
Crypt:1:  layout_gridlike
Crypt:2:  cheibrodos_crypt_cold_storage, layout_gridlike, lemuel_upstairs_altar
Crypt:3:  due_elkab, layout_chaotic_city
Depths:1: layout_honeycomb, nicolae_benzene_ring, hellmouth_3, grunt_tough_drop,
          serial_bayou_shore_b
Depths:2: thingy_vault, layout_gridville, serial_shops, nicolae_shop_trees,
          rand_demon_pan_entry_3, abyss_entry, hell_entry, grunt_megastairs_2,
          minmay_staircase_windowed_large
Depths:3: nicolae_terramorphic_expanse [nicolae_terramorphic_quarter,
          nicolae_terramorphic_quarter, nicolae_terramorphic_quarter,
          nicolae_terramorphic_quarter, nicolae_terramorphic_quarter,
          nicolae_terramorphic_biome, nicolae_terramorphic_biome,
          nicolae_terramorphic_biome, nicolae_terramorphic_biome],
          layout_gridville, enter_ziggurat_f, grunt_metal_band,
          ebering_ghost_gozag, hex_tiny, hangedman_abyss_entry_splay, pan_entry
Depths:4: grunt_bruiser_brothers, layout_basic, chequers_serial_rivers_micro_a,
          hangedman_coc_ice_floe, serial_bayou_shore_b, serial_bayou_shore_b,
          minmay_shop_grove
Zot:1:    layout_gridlike
Zot:2:    ebering_greatest_show_in_zot, layout_basic, lemuel_golem_globe
Zot:3:    layout_basic
Zot:4:    layout_misc_corridors, grunt_megastairs_5, lemuel_elevator
Zot:5:    layout_misc_corridors, hangedman_zot_decor_scrapings

Skill      XL: |  1  2  3  4  5  6  7  8  9 10 11 12 13 14 15 16 17 18 19 20 21 22 23 24 25 26 27 |
---------------+----------------------------------------------------------------------------------+-----
Stealth        | 1 3 5 11 12 | 12.0
Fighting       | 2 3 5 7 11 13 15 16 18 20 | 20.0
Transmutations | 3 5 6 10 11 14 15 | 15.0
Poison Magic   | 2 |  2.0
Ice Magic      | 3 8 9 10 | 10.0
Invocations    | 6 9 11 12 13 | 13.0
Unarmed Combat | 6 8 11 13 16 17 18 20 24 | 24.8
Dodging        | 9 10 13 18 20 23 | 23.3
Conjurations   | 4 7 8 9 |  9.1
Evocations     | 8 9 10 | 10.0
Earth Magic    | 5 |  5.5
Spellcasting   | 4 7 |  7.0
Translocations | 10 15 19 | 19.0

Action                   |  1- 3 |  4- 6 |  7- 9 | 10-12 | 13-15 | 16-18 | 19-21 | 22-24 | 25-27 || total
-------------------------+-------+-------+-------+-------+-------+-------+-------+-------+-------++-------
Melee: Unarmed           |    87 |   114 |   254 |   545 |   860 |   477 |  1283 |  1343 |  1168 ||  6131
       Constrict         |    24 |    27 |     2 |     1 |     1 |       |    22 |   113 |    70 ||   260
       Kick              |    25 |    32 |    11 |       |       |       |       |       |       ||    68
       Tentacles         |    15 |    30 |     9 |       |     1 |       |    48 |   201 |   131 ||   435
       Punch             |     4 |     5 |     1 |       |       |       |    32 |   138 |   100 ||   280
       Whip              |       |       |       |       |       |       |     5 |       |       ||     5
       Falchion          |       |       |       |       |       |       |     9 |     6 |    35 ||    50
       Tailslap          |       |       |       |       |       |       |       |       |     6 ||     6
       Bite              |       |       |       |       |       |       |       |       |     5 ||     5
 Cast: Beastly Appendage |    25 |    43 |     3 |       |       |       |       |       |       ||    71
       Spider Form       |       |       |    12 |       |       |       |       |       |       ||    12
       Ice Form          |       |       |    29 |   118 |   163 |   121 |   139 |       |    51 ||   621
       Wereblood         |       |       |     6 |     7 |     2 |       |     1 |       |     1 ||    17
       Frozen Ramparts   |       |       |       |       |     1 |    14 |     3 |       |       ||    18
       Irradiate         |       |       |       |       |       |   110 |     6 |       |       ||   116
       Ozocubu's Armour  |       |       |       |       |       |    12 |    36 |     4 |     4 ||    56
       Fulminant Prism   |       |       |       |       |       |       |    41 |       |       ||    41
       Manifold Assault  |       |       |       |       |       |       |   197 |   388 |   291 ||   876
       Lesser Beckoning  |       |       |       |       |       |       |    22 |     1 |    13 ||    36
       Blade Hands       |       |       |       |       |       |       |    42 |   183 |   114 ||   339
       Blink             |       |       |       |       |       |       |     3 |     2 |    13 ||    18
       Dragon Form       |       |       |       |       |       |       |       |       |     6 ||     6
Invok: Slouch            |       |       |       |     6 |    21 |    11 |    12 |       |     9 ||    59
       Step From Time    |       |       |       |       |       |     1 |     1 |       |     1 ||     3
Evoke: Wand              |       |       |       |     1 |    11 |    18 |     4 |       |       ||    34
       Box of beasts     |       |       |       |     1 |     1 |       |     4 |     1 |     1 ||     8
       Phial of floods   |       |       |       |     1 |       |     2 |     4 |     1 |       ||     8
       Phantom mirror    |       |       |       |       |       |       |       |       |     1 ||     1
  Use: Scroll            |       |     7 |     2 |     5 |    19 |     6 |    17 |     9 |    15 ||    80
       Potion            |       |     3 |     1 |       |     7 |    12 |    15 |     8 |    26 ||    72
 Stab: Sleeping          |     6 |     8 |       |     3 |     2 |     2 |     2 |     3 |     5 ||    31
       Distracted        |       |       |     1 |       |       |     1 |     5 |     1 |     3 ||    11
       Paralysed         |       |       |       |       |     3 |       |       |       |       ||     3
       Invisible         |       |       |       |       |       |       |     1 |       |     1 ||     2
Armor: Skin              |    17 |    22 |   157 |   308 |   398 |   297 |   511 |    50 |    76 ||  1836
Dodge: Dodged            |    36 |    82 |   199 |   320 |   617 |   707 |   948 |   653 |  1281 ||  4843
